 Dungeon Crawl Stone Soup version 0.16.0-17-g811c1d7 (webtiles) character file.

336 oshikia the Slinger (level 6, -1/42 HPs)
             Began as a Halfling Hunter on Mar 21, 2015.
             Succumbed to a scorpion's poison
             ... on level 4 of the Dungeon.
             The game lasted 00:06:08 (2556 turns).

oshikia the Slinger (Halfling Hunter)               Turns: 2556, Time: 00:06:08

Health: -1/42      AC:  5    Str: 12    XL:     6   Next: 84%
Magic:  3/6        EV: 22    Int: 10    God:
Gold:   134        SH:  0    Dex: 22    Spells: 0 memorised, 5 levels left

rFire  + . .     SeeInvis .     b - +2 hunting sling
rCold  x . .     Clarity  .     d - +1 leather armour
rNeg   . . .     SustAb   .     (no shield)
rPois  .         Gourm    .     (no helmet)
rElec  .         Spirit   +     (no cloak)
rCorr  .         Warding  .     (no gloves)
rMut   .         Stasis   .     w - +0 pair of boots
MR     .....                    g - amulet of guardian spirit
Stlth  ++++......               o - ring of fire
                                h - -3 ring of slaying (curse)

@: agile, lethally poisoned (-1 -> -36), not resistant to hostile enchantments,
stealthy
A: mutation resistance 1
a: no special abilities


You were on level 4 of the Dungeon.
You were not hungry.

You visited 1 branch of the dungeon, and saw 4 of its levels.

You collected 134 gold pieces.

Inventory:

Hand weapons
 a - a +0 short sword
 b - a +2 hunting sling (weapon)
Missiles
 i - 98 stones (quivered)
Armour
 d - a +1 leather armour (worn)
 w - a +0 pair of boots (worn)
Jewellery
 g - an amulet of guardian spirit (around neck)
 h - a cursed -3 ring of slaying (left hand)
 o - a ring of fire (right hand)
Scrolls
 l - 2 scrolls of identify
 r - a scroll of enchant armour
Potions
 e - a potion of magic
 j - 2 potions of lignification
 m - 3 potions of brilliance
 t - a potion of agility
 u - a potion of haste {unknown}
Books
 q - a book of Death

   Spells                             Type                      Level
   a - Corpse Rot                     Necromancy                   2
   b - Sublimation of Blood           Necromancy                   2
   c - Agony                          Necromancy                   5
   d - Dispel Undead                  Necromancy                   5
   e - Excruciating Wounds            Charms/Necromancy            5
   f - Bolt of Draining               Conjuration/Necromancy       5
 s - a book of Debilitation

   Spells                             Type                      Level
   a - Corona                         Hexes                        1
   b - Slow                           Hexes                        2
   c - Inner Flame                    Hexes/Fire                   3
   d - Enslavement                    Hexes                        4
   e - Cause Fear                     Hexes                        4
   f - Leda's Liquefaction            Hexes/Earth                  4
Comestibles
 f - 2 bread rations
 k - a beef jerky


   Skills:
 + Level 3.2 Fighting
 * Level 8.2 Slings
 + Level 3.8 Dodging
 + Level 3.2 Stealth


You had 5 spell levels left.
You didn't know any spells.

Dungeon Overview and Level Annotations

Branches:
Dungeon (4/15)
 Temple: D:4-7

Altars:
The Shining One

Portals:
Sewer: D:4


Innate Abilities, Weirdness & Mutations

You are small and have problems with some larger weapons.
You are somewhat resistant to further mutation.


Message History

* * * LOW HITPOINT WARNING * * *
You feel sick. The scorpion stings you.
* * * LOW HITPOINT WARNING * * *
You are more poisoned.
The scorpion poisons you!
Firing (i - inventory):
i - 99 stones (quivered)
Press: ? - help, Shift-Dir - straight line, f/p - scorpion
Aim: a scorpion (almost dead)
You shoot a stone. The stone hits the scorpion.
You kill the scorpion!
* * * LOW HITPOINT WARNING * * *
You feel very sick.
Drink which item? (? for menu, Esc to quit)
It was a potion of agility.
You feel agile all of a sudden.
* * * LOW HITPOINT WARNING * * *
You feel very sick.
Drink which item? (? for menu, Esc to quit)
It was a potion of restore abilities.
You feel refreshed.
You die...

. .# ########### .#
..........###.#(#
.#######......#(# #
#..#####.# ##.### #..# .#
#...#.####..#####(#######
..........†.....@(((...(#
#...#.)#..........(####.#
##.###.#.##†#.####.#
#..........#.# .#
#####.#.####.# # #.#.#
... #.#.. .!. #.#####...#
#.# ##.##


There were no monsters in sight!

Vanquished Creatures
  The ghost of oshikia the Vandal, an average HaHu of Cheibriados (D:3)
  A scorpion (D:4)
  A hound (D:4)
  2 worker ants (D:4)
  2 adders
  A white imp (D:4)
  2 worms (D:4)
  An orc (D:3)
  11 goblins
  12 hobgoblins
  4 bats
  4 giant cockroaches
  5 giant newts
  A goblin skeleton (D:4)
  A goblin zombie (D:4)
  2 hobgoblin zombies (D:4)
  2 jackals (D:3)
  3 kobolds
  2 orc skeletons (D:4)
  2 orc zombies (D:4)
  A quokka (D:4)
  3 rats
64 creatures vanquished.

Notes
Turn   | Place    | Note
--------------------------------------------------------------
     0 | D:1      | oshikia, the Halfling Hunter, began the quest for the Orb.
     0 | D:1      | Reached XP level 1. HP: 14/14 MP: 1/1
   195 | D:1      | Reached XP level 2. HP: 19/19 MP: 2/2
   268 | D:1      | Reached skill level 6 in Slings
   671 | D:2      | Reached XP level 3. HP: 24/24 MP: 3/3
  1082 | D:3      | Reached XP level 4. HP: 22/29 MP: 4/4
  1285 | D:3      | Noticed oshikia's ghost (average HaHu)
  1319 | D:3      | HP: 1/29 [oshikia's ghost (5)]
  1328 | D:3      | Killed oshikia's ghost
  1328 | D:3      | Reached skill level 7 in Slings
  1328 | D:3      | Reached XP level 5. HP: 4/36 MP: 5/5
  2265 | D:4      | Reached XP level 6. HP: 22/42 MP: 3/6
  2358 | D:4      | Found a glowing golden altar of the Shining One.
  2433 | D:4      | Found a glowing drain.
  2492 | D:4      | Reached skill level 8 in Slings
  2555 | D:4      | HP: 2/42 [poisoned by a scorpion]
  2556 | D:4      | Succumbed to a scorpion's poison

Action                   |  1- 3 |  4- 6 || total
-------------------------+-------+-------++-------
Melee: Unarmed           |       |     3 ||     3
       Short sword       |       |     1 ||     1
 Fire: Hunting sling     |    86 |   197 ||   283
  Use: Scroll            |     5 |     2 ||     7
       Potion            |       |     5 ||     5
  Eat: Fruit             |       |     3 ||     3
       Chunk             |       |     1 ||     1
       Pizza             |       |     1 ||     1
